 Dungeon Crawl Stone Soup version 0.24.0-125-gc4c63601f3 (webtiles) character file.

Game seed: 311722616441593031, levelgen mode: deterministic

28 Anciaus the Skirmisher (level 3, -4/33 HPs)
             Began as a Hill Orc Fighter on Mar 18, 2020.
             Slain by an ice beast (12 damage)
             ... on level 3 of the Dungeon.
             The game lasted 00:23:39 (855 turns).

Anciaus the Skirmisher (Hill Orc Fighter)            Turns: 855, Time: 00:23:39

Health: -4/33      AC:  7    Str: 19    XL:     3   Next: 14%
Magic:  3/3        EV:  7    Int:  8    God:
Gold:   22         SH:  9    Dex: 10    Spells: 2/2 levels left

rFire    . . .     SeeInvis .   a - +0 war axe
rCold    . . .     Gourm    .   c - +0 shield
rNeg     . . .     Faith    .   b - +0 scale mail
rPois    .         Spirit   .   (no helmet)
rElec    .         Reflect  .   (no cloak)
rCorr    .         Harm     .   (no gloves)
MR       .....                  (no boots)
Stlth    ..........             (no amulet)
HPRegen  0.11/turn              (no ring)
MPRegen  0.08/turn              (no ring)

@: no status effects
A: no striking features
a: no special abilities


You were on level 3 of the Dungeon.
You were not hungry.

You visited 1 branch of the dungeon, and saw 3 of its levels.

You collected 22 gold pieces.

Inventory:

Hand Weapons
 a - a +0 war axe (weapon)
 g - a +0 short sword of draining
 h - a +0 short sword
 n - a +0 hunting sling
Missiles
 i - 72 stones (quivered)
 m - 2 javelins
 q - 42 arrows
 s - 14 bolts
 x - 4 poisoned darts
Armour
 b - a +0 scale mail (worn)
 c - a +0 shield (worn)
 j - a +0 chain mail
 o - a +0 ring mail
 p - a +0 helmet
 t - a +0 chain mail
 u - a +0 ring mail
Jewellery
 e - an uncursed amulet of faith {unknown}
Scrolls
 k - a scroll of magic mapping {unknown}
 r - a scroll of identify {unknown}
 w - a scroll of amnesia {unknown}
Potions
 d - a potion of might
 v - a potion of brilliance {unknown}
Comestibles
 f - 2 rations
 l - 10 chunks of flesh


   Skills:
 + Level 4.0 Fighting
 + Level 3.1 Axes
 + Level 0.2 Throwing
 + Level 3.7 Armour
 + Level 0.1 Dodging
 + Level 3.6 Shields


You had 2 spell levels left.
You didn't know any spells.
Your spell library was empty.

Dungeon Overview and Level Annotations

Branches:
Dungeon (3/15)

Altars:


Message History

You throw a stone. The stone closely misses the ice beast.
Throwing (i - inventory. (/) - cycle)
i - 73 stones (quivered)
Press: ? - help, Shift-Dir - straight line, f/p - ice beast
Aim: an ice beast (lightly wounded)
You throw a stone. The stone closely misses the ice beast.
The ice beast hits you but does no damage.
You barely miss the ice beast.
The ice beast is lightly wounded.
The ice beast hits you. The ice beast freezes you! The ice beast hits you.
The ice beast freezes you!
* * * LOW HITPOINT WARNING * * *
You see here a blue potion.
Found a ration.
You see here a frilled lizard skeleton.
You see here a blue potion.
There is a stone staircase leading up here.
The ice beast hits you.
* * * LOW HITPOINT WARNING * * *
The ice beast freezes you!
You die...

#.. ######.# .
...##.#
..#####.##(#
.........#.###
.............##.>.
(..(............#
...#####Y##.#.####
#......@.##.# #
#..#####.##รท#.#
#.##.#.# #......#
#......# #.##.#.#
#.##.#.# .%......
.#.#.##.##


You could see an ice beast.

Vanquished Creatures
  An adder (D:2)
  5 goblins
  3 hobgoblins
  3 bats (D:1)
  2 frilled lizards
  3 kobolds (D:1)
  3 rats
20 creatures vanquished.

Notes
Turn   | Place    | Note
-------+----------+-------------------------------------------
     0 | D:1      | Anciaus the Hill Orc Fighter began the quest for the Orb.
     0 | D:1      | Reached XP level 1. HP: 19/19 MP: 1/1
   278 | D:1      | Reached XP level 2. HP: 27/27 MP: 2/2
   574 | D:1      | You fall into a shaft and drop 1 floor!
   599 | D:2      | Reached skill level 4 in Fighting
   774 | D:2      | Reached XP level 3. HP: 27/33 MP: 3/3
   834 | D:3      | Noticed an ice beast
   855 | D:3      | Slain by an ice beast

Levels and vault maps discovered:
D:1:      sevenhm_arrival_forest_fort_small_3, layout_basic, cheibriados_altar_1
D:2:      layout_basic, fedhas_altar_1
D:3:      layout_loops_cross, nicolae_overflow_hidden_temple,
          fiery_altar_vehumet, first_ration, nicolae_qazlal_eye_of_the_storm,
          uniq_robin

Skill      XL: |  1  2 |
---------------+-------+-----
Fighting       | 4 |  4.0
Axes           | 3 |  3.1
Throwing       | |  0.2
Armour         | |  3.7
Dodging        | |  0.1
Shields        | |  3.6

Action                   || total
-------------------------++-------
Melee: War axe           ||    78
 Fire: Hunting sling     ||     1
Throw: Stone             ||    21
Armor: Scale mail        ||    43
Dodge: Dodged            ||    25
Block: Shield            ||    46
